[Event "*** Titled Tuesday Blitz"]
[Site "Chess.com"]
[Date "2020.03.03"]
[Round "1"]
[White "DinaBelenkaya"]
[Black "gmasterkiller"]
[Result "1/2-1/2"]
[WhiteElo "2288"]
[BlackElo "2633"]
[TimeControl "180+1"]
[EndTime "13:09:41 PST"]
[Termination "Game drawn - insufficient material"]

1. e4 c6 2. d4 d5 3. Nc3 dxe4 4. Nxe4 Nf6 5. Nxf6+ exf6 6. Bc4 Qe7+ 7. Qe2 Be6 8.
Bxe6 Qxe6 9. Nf3 Nd7 10. Bf4 Nb6 11. c3 O-O-O 12. Qxe6+ fxe6 13. O-O-O c5 14. Rhe1 cxd4 15. Nxd4 e5 16. Ne6 Re8 17. Nxf8 Rhxf8 18. Be3 Kc7 19.
Bc5 Rf7 20. b3 Nc8 21. c4 b6 22. Ba3 a5 23. Kc2 Na7 24. f3 Nc6 25. Rd5 Rd7 26.
Rxd7+ Kxd7 27. Rd1+ Nd4+ 28. Kc3 Kc6 29. Rd2 g5 30. b4 axb4+ 31. Bxb4 h5 32. h3 h4 33. Kd3 f5 34. Ke3 Ra8 35. Be7 Rg8 36. Bf6 Kd6 37. Bxe5+ Kxe5 38. Rxd4 Ra8 39. Rd5+ Ke6 40. Rb5 Rxa2 41.
Rxb6+ Ke5 42. Rb5+ Ke6 43. f4 Rxg2 44. fxg5 Rxg5 45.
Kf4 Rg3 46. Re5+ Kd6 47. Rxf5 Rxh3 48. Rh5 Rh1 49. Kg4 Rc1 50. Rxh4 Rxc4+ 51. Kg5 Rc2 52. Rg4 Ke5 53. Rg3 Rc8 54. Kh4 Kf4 55.
Rg4+ Kf3 56. Rg3+ Ke4 57. Rg4+ Kf5 58. Rg5+ Kf6 59. Rg3 Rc4+ 60. Rg4 Rc3 61. Ra4 Rc5 62. Ra6+ Kf5 63. Ra4 Rc3 64. Rb4 Rc1 65. Ra4 Rh1+ 66.
Kg3 Rg1+ 67. Kf3 Rb1 68. Ra5+ Ke6 69. Ra6+ Kd5 70. Ra5+ Kc4 71. Ra4+ Kb5 72. Re4 Rb3+ 73. Kf4 Rb2 74. Re5+ Kc6 75. Re6+ Kd5 76. Re5+ Kd6 77.
Re3 Rf2+ 78. Ke4 Rh2 79. Rd3+ Ke6 80. Re3 Rh4+ 81. Kd3+ Kd5 82. Rf3 Rd4+ 83. Ke3 Re4+ 84. Kd3 Ra4 85. Rf5+ Ke6 86. Rb5 Kd6 87. Rh5 Kc6 88.
Rh6+ Kd5 89. Rh5+ Kd6 90. Rh6+ Kc5 91. Rh5+ Kc6 92. Rh6+ Kd7 93. Rh7+ Ke6 94. Rh6+ Kf5 95. Rh5+ Kg4 96. Rb5 Kf4 97. Kc3 Ke4 98. Rb4+ Rxb4 99. Kxb4 1/2-1/2

[Event "*** Titled Tuesday Blitz"]
[Site "Chess.com"]
[Date "2020.03.03"]
[Round "1"]
[White "Orest_Vovk"]
[Black "albano87"]
[Result "1/2-1/2"]
[WhiteElo "2534"]
[BlackElo "1891"]
[TimeControl "180+1"]
[EndTime "13:09:43 PST"]
[Termination "Game drawn - insufficient material"]

1. g4 c5 2. Bg2 Nc6 3. h3 g6 4. c4 Bg7 5. Nc3 e6 6. d3 Nge7 7. Nf3 O-O 8. O-O Rb8 9. Bf4 e5 10. Be3 Nd4 11. Qd2 d6 12. Bh6 Be6 13. Bxg7 Kxg7 14.
Ng5 Bd7 15. e3 Ne6 16. Nxe6+ Bxe6 17. f4 f5 18. g5 a6 19. a4 Qd7 20. b3 Rbd8 21.
d4 e4 22. d5 Bf7 23. h4 h5 24. gxh6+ Kxh6 25. Bh3 Ng8 26. Nxe4 Qe7 27. Ng5 Rde8 28.
Rae1 Nf6 29. Kh2 Ne4 30. Nxe4 Qxe4 31. Bg2 Qe7 32. Kg3 Kg7 33. e4 Rh8 34. Rh1 Qf6 35.
exf5 gxf5 36. Rxe8 Bxe8 37. Qe3 Bf7 38. Qc1 Kh7 39. Bf3 Rg8+ 40. Kf2 Re8 41. h5 Qd4+ 42. Kf1 Re3 43. Rh3 Qxf4 44. Qd1 Rc3 45. Kg2 Qe3 46.
Rg3 f4 47. Rg4 Bxh5 48. Rh4 Qxf3+ 49. Qxf3 Rxf3 50. Rxh5+ Kg6 51. Kxf3 Kxh5 52. Kxf4 Kg6 53. Kg4 Kf6 54. Kf4 a5 55. Kf3 Ke5 56. Ke3 b6 57.
Ke2 Ke4 58. Kd2 Kd4 59. Kc2 Ke3 60.
Kc3 Ke4 61. Kc2 Kd4 62. Kd2 Ke4 63. Ke2 Kf4 64. Kf2 Ke4 65. Kg3 Kd4 66. Kf4 Kc3 67. Kf5 Kxb3 68. Ke6 Kxc4 69. Kxd6 b5 70. axb5 Kxb5 71.
Ke6 a4 72. d6 a3 73. d7 a2 74. d8=Q a1=Q 75. Qd3+ c4 76. Qd5+ Kb4 77. Qb7+ Ka3 78. Qa6+ Kb2 79. Qxc4 Qa2 80. Qd5 Qxd5+ 81. Kxd5 1/2-1/2

[Event "*** Titled Tuesday Blitz"]
[Site "Chess.com"]
[Date "2020.03.03"]
[Round "1"]
[White "Keithonsky"]
[Black "Vaathi_Coming"]
[Result "0-1"]
[WhiteElo "2435"]
[BlackElo "2825"]
[TimeControl "180+1"]
[EndTime "13:09:44 PST"]
[Termination "Vaathi_Coming won by resignation"]

1. d4 Nf6 2. c4 Nc6 3. Nf3 e6 4. g3 d5 5. Bg2 dxc4 6. O-O Rb8 7. e3 b5 8. Qe2 Bb7 9. Rd1 Be7 10. e4 O-O 11. Nc3 Nb4 12. Ne1 a6 13. a4 Qd7 14.
axb5 axb5 15. Bf4 Ra8 16. g4 Rxa1 17. Rxa1 Qxd4 18. g5 Ne8 19. Nxb5 Qc5 20. Nc3 Bxg5 21. Bxg5 Qxg5 22. Qxc4 Nc6 23. Qb5 Qxb5 24. Nxb5 Nd6 25.
Nxc7 Rc8 26. e5 Nxe5 27. Bxb7 Nxb7 28. Ra7 Nd6 29. b4 g5 30. b5 Nec4 31. Nd3 Nf5 32. Nc5 Rd8 33. Ra8 Rxa8 34. Nxa8 Nfd6 35. b6 Na5 36.
Nc7 Kf8 37. N5xe6+ fxe6 38. Nxe6+ Ke7 39. Nxg5 h6 40.
Nf3 Nac4 41. Nd4 Nxb6 42. Kg2 Kf6 43. Kh3 Nf5 44. Ne2 Nd5 45. Kg2 Kg5 46. Kf3 Nf6 47. Kg2 Ne4 48. f3 Nh4+ 49. Kf1 Nxf3 50. Kg2 Nh4+ 51. Kf1 Nf5 52. Kg2 Kg4 53. h3+ Kg5 54. Kf3 Nd2+ 55. Kg2 Nc4 56. Nc3 Ncd6 57. Nd5 Ne4 58.
Kf3 Nf6 59. Nc3 Kh4 60. Kg2 Ne3+ 61. Kh2 Nfd5 62. Ne2 Nf5 63. Kg2 Nde3+ 64. Kh2 Kg5 65. Kg1 Kh5 66. Kh2 Kh4 67. Nf4 Nd4 68. Ng6+ Kg5 69. Ne5 Kf4 70. Ng6+ Ke4 71. Kg3 Ndf5+ 72. Kf2 Nd5 73. Kg2 Nf4+ 74. Nxf4 Kxf4 75. Kf2 h5 76. Kg2 Ke3 77. h4 Nxh4+ 78. Kh3 Nf5 79. Kh2 Kf4 80. Kh3 h4 81. Kg2 Kg4 82. Kh2 h3 83. Kg1 Kg3 84.
Kh1 Ne3 85. Kg1 Ng4 86. Kh1 Nf2+ 87. Kg1 h2+ 0-1

[Event "*** Titled Tuesday Blitz"]
[Site "Chess.com"]
[Date "2020.03.03"]
[Round "1"]
[White "champ2005"]
[Black "RainForestt"]
[Result "1-0"]
[WhiteElo "2974"]
[BlackElo "2507"]
[TimeControl "180+1"]
[EndTime "13:10:00 PST"]
[Termination "champ2005 won by checkmate"]

1. c4 c6 2. Nf3 d5 3. e3 Nf6 4. Nc3 g6 5. d4 Bg7 6. Be2 O-O 7. O-O Bf5 8. b3 Nbd7 9. Bb2 Ne4 10. Nxe4 Bxe4 11.
Rc1 Re8 12. b4 Rc8 13. Nd2 Bf5 14. Qb3 Nb6 15. a4 dxc4 16. Nxc4 Be6 17. Qc2 Nxc4 18. Bxc4 Bxc4 19. Qxc4 Qd5 20. Qc2 a6 21. Rfd1 e6 22. e4 Qd7 23. Rd3 Red8 24. Rcd1 Qe7 25. Bc3 Rd7 26. Qb3 Rcd8 27. b5 axb5 28. axb5 Qg5 29. bxc6 bxc6 30. g3 Qb5 31. Qxb5 cxb5 32. Ba5 Ra8 33. Bb4 Ra4 34. Bc5 Rc4 35. f4 f5 36.
exf5 gxf5 37. Kf2 b4 38. Ke3 Kf7 39. Rb1 e5 40. fxe5 Bh6+ 41. Ke2 Rc2+ 42. Kf3 Rxc5 43. Rxb4 Rxe5 44. Rdb3 Red5 45. Rd3 Bg7 46. Ke3 Bf6 47.
Rc4 Re7+ 48. Kd2 Re4 49. Kc3 Kg6 50. Rc6 h5 51. Rc4 Kf7 52. Rc7+ Re7 53. Rc6 Red7 54.
Rc4 Ke7 55. Ra4 Kf7 56. Rc4 Kg6 57. Ra4 Kg5 58. Rc4 h4 59. gxh4+ Kxh4 60. Rf3 Rxd4 61.
Rxf5 Rf4+ 62. Kb3 Rxc4 63. Kxc4 Rc7+ 64. Rc5 Bg5 65. Rxc7 Kh3 66. Rh7+ Kg4 67. Kd3 Bh4 68. Ke2 Bg5 69. Kf1 Bf6 70. Kg2 Bg5 71. Rb7 Kf5 72.
Rb5+ Kg6 73. Kg3 Bf6 74. Kg4 Be7 75. Rb6+ Kf7 76. Kf5 Kf8 77. Rb7 Bc5 78. Kg6 Kg8 79. Rb8+ Bf8 80. h4 Kh8 81. Rxf8# 1-0

[Event "*** Titled Tuesday Blitz"]
[Site "Chess.com"]
[Date "2020.03.03"]
[Round "1"]
[White "GMsKoRPioN"]
[Black "NM2019"]
[Result "1-0"]
[WhiteElo "2560"]
[BlackElo "2022"]
[TimeControl "180+1"]
[EndTime "13:10:06 PST"]
[Termination "GMsKoRPioN won on time"]

1. d4 c5 2. d5 b5 3. e4 a6 4. a4 b4 5. Nd2 d6 6. Nc4 Nf6 7. Bd3 g6 8. b3 Bg7 9. Bb2 O-O 10. Nf3 Nbd7 11. O-O Nb6 12. a5 Nxc4 13. Bxc4 Nxe4 14. Bxg7 Kxg7 15. Re1 Nf6 16. Qe2 Ra7 17. h3 Re8 18. Qd3 Bf5 19. Qe2 e6 20. dxe6 Bxe6 21. Bxe6 Rxe6 22.
Qc4 Rxe1+ 23. Rxe1 Qxa5 24. Rd1 d5 25. Qf4 Qc7 26.
Ne5 a5 27. g4 h6 28. h4 d4 29. g5 hxg5 30. hxg5 Nh5 31. Qe4 Ra6 32. f4 Re6 33.
Re1 Ng3 34. Qa8 Nf5 35. Kf2 Qe7 36. Rh1 Qe8 37. Qxe8 Rxe8 38. Nd7 Ne3 39. Nf6 Rh8 40.
Ra1 Rh2+ 41. Kg3 Rxc2 42. Rxa5 Nf5+ 43. Kf3 Rc3+ 44. Kf2 d3 45. Ra8 Rc2+ 46. Kf3 Ne7 47. Ne8+ Kh7 48. Nf6+ Kg7 49. Rd8 c4 50. bxc4 Re2 51.
Rxd3 Re6 52. Rd8 b3 53. Rb8 Rc6 54. Re8 Re6 55. Rb8 Rc6 56. Rxb3 Rxc4 57. Rb8 Rc6 58. Rd8 Re6 59. Ne8+ Kh7 60. Nf6+ Kg7 61. Rb8 Rxf6 62. gxf6+ Kxf6 63. Rb6+ Kg7 64. Ke4 Nf5 65. Ra6 Ne7 66. Ke5 Nf5 67. Ra7 Nh4 68. Kd6 Nf5+ 69. Kd7 Kf6 70. Ke8 Nd6+ 71. Kf8 Kf5 72. Rd7 Ke6 73. Re7+ Kf6 74. Ra7 Ke6 75. Ra6 f6 76. Kg7 g5 77.
fxg5 fxg5 78. Kg6 g4 79. Ra4 g3 80. Rg4 Ne4 81. Rxe4+ Kd5 82. Rg4 Ke5 83. Rxg3 1-0

[Event "*** Titled Tuesday Blitz"]
[Site "Chess.com"]
[Date "2020.03.03"]
[Round "1"]
[White "M1711"]
[Black "sergiochess83"]
[Result "1-0"]
[WhiteElo "2526"]
[BlackElo "2952"]
[TimeControl "180+1"]
[EndTime "13:10:28 PST"]
[Termination "M1711 won on time"]

1. d4 Nf6 2. Bf4 c5 3. d5 b5 4. a4 Bb7 5. e4 b4 6. Bd3 d6 7. Nd2 Nbd7 8. Ngf3 g6 9. a5 Rc8 10. Nc4 Bg7 11. Bxd6 Ba6 12. Be5 Nxe5 13. Nfxe5 O-O 14. O-O Qc7 15. Re1 Bxc4 16. Nxc4 Nd7 17. g3 Ne5 18. Nxe5 Bxe5 19. Ra2 c4 20. Bf1 Qc5 21. Kg2 Rb8 22. b3 Bc3 23. Re3 Bd4 24. Rf3 c3 25. h4 Kg7 26. h5 e5 27. Bc4 f5 28. hxg6 fxe4 29.
Rf7+ Rxf7 30. gxf7 Qd6 31. Qg4+ Qg6 32. Qxg6+ hxg6 33. Ra1 Kxf7 34. Re1 Kf6 35. Rxe4 g5 36. Re1 Rh8 37.
a6 Ke7 38. Re2 Kd6 39. Re1 Rh6 40. f3 Rh7 41. Ra1 Rf7 42. Re1 g4 43. fxg4 Rf2+ 44. Kh3 Rxc2 45. g5 Rf2 46. g6 Rf8 47. Rf1 Rh8+ 48.
Kg4 c2 49. Rc1 Rh6 50. Rxc2 Rxg6+ 51. Kf3 Bc3 52. Rh2 e4+ 53. Kxe4 Rxg3 54. Rh6+ Kc7 55. Rc6+ Kd7 56. Bb5 Ke7 57. Re6+ Kf7 58. Rh6 Rg4+ 59. Kf5 Rg1 60. Rh7+ Rg7 61. Rh2 Ke7 62. Re2+ Kd6 63. Bc6 Rf7+ 64. Kg6 Re7 65. Rf2 Re3 66. Rf8 Bd4 67.
Rd8+ Kc5 68. Rd7 Rxb3 69. Rxa7 Ra3 70. Ra8 Kd6 71. Rd8+ Ke5 72. Re8+ Kd6 73. Rb8 Rxa6 74. Rxb4 Bc5 75. Re4 Rxc6 76. dxc6 Kxc6 77. Kf7 Kd5 78. Rg4 Bd4 79. Rg5+ Be5 80. Rh5 Ke4 81. Ke6 Bf4 82.
Rh4 Kf3 83. Kf5 Bg3 84. Ra4 Kg2 85. Kg4 Bh2 86. Ra1 Bg1 87. Ra2+ Kh1 88. Kf3 Bh2 89. Rg2 Bg1 90. Rg8 Bh2 91. Ke2 Be5 92. Rg5 Bf4 93.
Rh5+ Kg2 94. Rh8 Bh2 95. Rg8+ Kh1 96. Kf1 Be5 97. Rg2 Bh2 98. Kf2 1-0

[Event "*** Titled Tuesday Blitz"]
[Site "Chess.com"]
[Date "2020.03.03"]
[Round "1"]
[White "Yurovskykh_Oleksandr"]
[Black "Mikasinski"]
[Result "0-1"]
[WhiteElo "2606"]
[BlackElo "2258"]
[TimeControl "180+1"]
[EndTime "13:12:24 PST"]
[Termination "Mikasinski won on time"]

1. d4 Nf6 2. Nf3 g6 3. Bg5 Bg7 4. Nbd2 O-O 5. c3 d6 6. e4 c5 7.
d5 h6 8. Bh4 g5 9. Bg3 Nh5 10.
a4 Nxg3 11. hxg3 f5 12. exf5 Bxf5 13. Nc4 Nd7 14. Bd3 Qe8 15. Bxf5 Rxf5 16. Qd3 Rf8 17. O-O Qf7 18. Rae1 Rae8 19. Re6 Kh8 20. Qc2 Rg8 21.
Rfe1 Bf6 22. g4 Rd8 23. Qf5 Nf8 24. R6e2 Qg6 25. Qxg6 Nxg6 26. g3 b6 27. Kg2 Kg7 28. Ne3 Rh8 29. Nf5+ Kf7 30. Rh1 Bg7 31. Re6 a6 32.
Rhe1 Rd7 33. Nd2 Ne5 34. f4 Nxg4 35. Rxe7+ Rxe7 36. Rxe7+ Kf6 37. Rxg7 Kxf5 38. Rb7 Nf6 39. Rxb6 Rd8 40. Rxa6 Nxd5 41. fxg5 hxg5 42. Nc4 Ke6 43. Kf3 Rf8+ 44. Ke4 Nf6+ 45. Kd3 Ne8 46. b4 Rf3+ 47. Kc2 cxb4 48. cxb4 Rxg3 49. b5 Rg4 50. Kb3 Rg3+ 51.
Kb4 Kd5 52. Nb6+ Ke6 53. Nc8 Rd3 54. Kc4 Rd1 55. Nb6 Rc1+ 56. Kd3 Nc7 57. Nc4 Rd1+ 58. Kc2 Rd5 59. Ra7 Ne8 60. Rh7 Rc5 61. Kc3 Nf6 62. Rh6 Ke7 63. Kb3 Nd5 64. Nxd6 Nf4 65. Ne4 Re5 66.
Rh7+ Kd8 67. Nc3 Re3 68. Rh8+ Kc7 69. Kb4 Kb6 70. Nd5+ Nxd5+ 71. Kc4 Nf4 72. Rh6+ Kc7 73. b6+ Kb7 74. a5 Re4+ 75. Kb5 Re5+ 76. Kb4 Ka6 77.
Rh7 Rb5+ 78. Kc4 Rxa5 79. b7 Rb5 80. Rg7 Rxb7 81. Rxg5 Ne2 82. Kd3 Rb6 83. Kxe2 Rb5 84. Rg6+ Ka5 85. Rg8 Rb6 86. Kd3 Kb5 87. Kc3 Rc6+ 88.
Kb3 Kc5 89. Rd8 Kb6 90. Kb4 Rc7 91. Rh8 Rb7 92. Kc4 Rc7+ 93. Kd5 Rd7+ 94. Ke6 Rd2 95.
Rh1 Kc5 96. Rc1+ Kd4 97. Rc8 Re2+ 98. Kf5 Rf2+ 99. Kg4 Ke5 100. Re8+ Kd6 101. Rd8+ Ke7 102. Rd3 Rf6 103. Re3+ Re6 104. Ra3 Rf6 105. Kg5 Rf1 106. Ra6 Kd7 107. Ra7+ Ke6 108. Ra2 Kd6 109. Rd2+ Ke6 110. Kg4 Rg1+ 111. Kf3 Rf1+ 112. Ke2 Rf5 113. Ra2 Re5+ 114. Kd3 Rh5 115. Ra6+ Kd7 116. Ra7+ Kc6 117. Rg7 Rh3+ 118. Kc4 Rh4+ 119. Kb3 Rh3+ 120. Kb4 Rh4+ 121. Ka5 Rh5+ 122. Ka6 Rh1 123. Rg6+ Kc5 124. Kb7 Rb1+ 125. Kc7 Rd1 126. Rc6+ Kb4 127. Rb6+ Ka5 128. Rc6 Rb1 129. Rc5+ Rb5 130. Rc1 Kb4 131. Kc6 Rc5+ 0-1

[Event "*** Titled Tuesday Blitz"]
[Site "Chess.com"]
[Date "2020.03.03"]
[Round "2"]
[White "HanSchut"]
[Black "Fy_Rakotomaharo"]
[Result "0-1"]
[WhiteElo "2304"]
[BlackElo "2534"]
[TimeControl "180+1"]
[EndTime "13:14:29 PST"]
[Termination "Fy_Rakotomaharo won by resignation"]

1. e4 c5 2. Nf3 Nc6 3. Nc3 d6 4. d3 g6 5. g3 Bg7 6. Bg2 e5 7.
O-O Nge7 8. Be3 O-O 9. Qd2 Rb8 10. Bh6 b5 11. Ne2 b4 12. Nh4 a5 13. f4 Bxh6 0-1

[Event "*** Titled Tuesday Blitz"]
[Site "Chess.com"]
[Date "2020.03.03"]
[Round "2"]
[White "stoleriu"]
[Black "czasnaszachy"]
[Result "1/2-1/2"]
[WhiteElo "2479"]
[BlackElo "2252"]
[TimeControl "180+1"]
[EndTime "13:15:13 PST"]
[Termination "Game drawn by agreement"]

1. e4 c5 2. Nc3 a6 3. Nf3 d6 4. d4 cxd4 5. Nxd4 Nf6 6. a4 g6 7.
Be2 Bg7 8. Be3 Nc6 9. Nxc6 bxc6 10. a5 O-O 11. O-O Rb8 12. Bb6 Qe8 13. Bd3 Nd7 14. Na4 Nxb6 15. axb6 c5 16. c3 Bd7 1/2-1/2

[Event "*** Titled Tuesday Blitz"]
[Site "Chess.com"]
[Date "2020.03.03"]
[Round "2"]
[White "Eliwood44"]
[Black "nonscitis"]
[Result "0-1"]
[WhiteElo "2314"]
[BlackElo "2577"]
[TimeControl "180+1"]
[EndTime "13:15:27 PST"]
[Termination "nonscitis won by resignation"]

1. d4 Nf6 2. Nf3 g6 3. e3 Bg7 4. Be2 O-O 5. O-O b6 6. b3 Bb7 7. Bb2 d6 8. c4 Nbd7 9. d5 e6 10. Nc3 exd5 11. Nxd5 Nxd5 12. Bxg7 Nxe3 13. fxe3 Kxg7 14.
h4 Qe7 15. Qd4+ Ne5 16. Ng5 f6 17. Nh3 c5 18. Qd2 Rae8 19. Rae1 Kh8 20. Nf4 Nf7 21.
Bf3 Bxf3 22. gxf3 Ne5 23. Nd5 Qd7 24. Qg2 Nc6 25. Qb2 Qh3 26. Nxf6 Qg3+ 0-1

[Event "*** Titled Tuesday Blitz"]
[Site "Chess.com"]
[Date "2020.03.03"]
[Round "2"]
[White "Blitzstream"]
[Black "Vusatiuk_Vladimir"]
[Result "0-1"]
[WhiteElo "2685"]
[BlackElo "2381"]
[TimeControl "180+1"]
[EndTime "13:15:59 PST"]
[Termination "Vusatiuk_Vladimir won by resignation"]

1. d4 d5 2. Bf4 Nf6 3. e3 c5 4.
c3 e6 5. Nd2 Bd6 6. Bg3 O-O 7. f4 b6 8. Ngf3 Bb7 9. Bd3 Nc6 10.
O-O Ne7 11. Ne5 Nf5 12. Bf2 Be7 13. g4 Nd6 14. g5 Nfe4 15. Nxe4 dxe4 16. Bc2 Rc8 17.
h4 Nf5 18. Qg4 cxd4 19. exd4 e3 20. Be1 Qd5 21. Nf3 Nxd4 22. cxd4 Rxc2 23. Bc3 b5 24. a3 a5 25. Rae1 b4 0-1

[Event "*** Titled Tuesday Blitz"]
[Site "Chess.com"]
[Date "2020.03.03"]
[Round "2"]
[White "NikolaGry"]
[Black "Shant_Sargsyan"]
[Result "0-1"]
[WhiteElo "2645"]
[BlackElo "2998"]
[TimeControl "180+1"]
[EndTime "13:16:05 PST"]
[Termination "Shant_Sargsyan won by checkmate"]

1. b3 e5 2. Bb2 Nc6 3. c4 g6 4.
e3 Bg7 5. Nf3 d6 6. d4 Nf6 7. dxe5 Nd7 8. Be2 O-O 9. O-O dxe5 10.
Nc3 e4 11. Nd2 f5 12. a3 Nde5 13. Nd5 Be6 14. Nf4 Bf7 15. Qc2 Qg5 16. Nd5 Rac8 17. Rad1 Ne7 18. Bxe5 Nxd5 19. Bxg7 Nxe3 20. Qc3 Qxg2# 0-1

[Event "*** Titled Tuesday Blitz"]
[Site "Chess.com"]
[Date "2020.03.03"]
[Round "2"]
[White "albi1999"]
[Black "GMKrikor"]
[Result "0-1"]
[WhiteElo "2590"]
[BlackElo "2826"]
[TimeControl "180+1"]
[EndTime "13:16:09 PST"]
[Termination "GMKrikor won by resignation"]

1. d4 Nf6 2. c4 e6 3. Nf3 d5 4.
g3 h6 5. Bg2 Bd6 6. Qc2 O-O 7.
O-O b6 8. cxd5 exd5 9. Nc3 Bb7 10. Nb5 Re8 11. Nxd6 cxd6 12. e3 Nc6 0-1

[Event "*** Titled Tuesday Blitz"]
[Site "Chess.com"]
[Date "2020.03.03"]
[Round "2"]
[White "PNEPaul"]
[Black "Sven_Tica"]
[Result "0-1"]
[WhiteElo "1922"]
[BlackElo "2666"]
[TimeControl "180+1"]
[EndTime "13:16:09 PST"]
[Termination "Sven_Tica won by resignation"]

1. e4 c5 2. d4 cxd4 3. c3 d3 4. Bxd3 Nc6 5. Nf3 g6 6. Bf4 Bg7 7. Qe2 d6 8. Na3 Nf6 9. O-O O-O 10. h3 Nd7 11. Rad1 Qc7 12. Rfe1 a6 13. Qd2 Nde5 14. Nxe5 Nxe5 15. Bb1 Rb8 16. Bh6 b5 17. Bxg7 Kxg7 18.
f4 Nc4 19. Nxc4 bxc4 20. f5 Qb6+ 21. Kh1 Qxb2 22. f6+ exf6 23. Qxd6 Be6 24. Rf1 Qxc3 25. Qf4 Qe5 26. Qf2 Rb2 27. Rd2 Rfb8 28. Rfd1 Rxb1 0-1

[Event "*** Titled Tuesday Blitz"]
[Site "Chess.com"]
[Date "2020.03.03"]
[Round "2"]
[White "Perecke"]
[Black "FelixJoseYnojosa"]
[Result "0-1"]
[WhiteElo "2291"]
[BlackElo "2699"]
[TimeControl "180+1"]
[EndTime "13:16:11 PST"]
[Termination "FelixJoseYnojosa won by resignation"]

1. e4 c5 2. Nf3 Nc6 3. d4 cxd4 4. Nxd4 e5 5. Nb5 d6 6. c4 Be7 7. Be3 Nf6 8. Nd2 O-O 9. Be2 Nd7 10. O-O Nc5 11.
b4 Ne6 12. Nb3 Nxb4 13. Bxa7 Nc6 14. Be3 Bg5 15. Bxg5 Qxg5 16. Qxd6 Rd8 17. f4 exf4 18. h4 Qxh4 19. Rxf4 Qxf4 0-1

[Event "*** Titled Tuesday Blitz"]
[Site "Chess.com"]
[Date "2020.03.03"]
[Round "2"]
[White "Ceejay271"]
[Black "valeriocarnicelli"]
[Result "0-1"]
[WhiteElo "2283"]
[BlackElo "2520"]
[TimeControl "180+1"]
[EndTime "13:16:15 PST"]
[Termination "valeriocarnicelli won by resignation"]

1. d4 d5 2. c4 c6 3. Nf3 Nf6 4. Qc2 dxc4 5. Qxc4 Bg4 6. Nbd2 Nbd7 7. g3 e6 8. Bg2 Be7 9. O-O O-O 10. b4 Nb6 11. Qb3 Qd5 12. a3 Rfd8 13. e3 Qxb3 14. Nxb3 Nbd5 15. Ne5 Bh5 16. Nc5 Bxc5 17. dxc5 Nd7 18.
Nc4 Be2 19. Bb2 Bxc4 0-1

[Event "*** Titled Tuesday Blitz"]
[Site "Chess.com"]
[Date "2020.03.03"]
[Round "2"]
[White "Bigfish1995"]
[Black "albano87"]
[Result "1-0"]
[WhiteElo "3090"]
[BlackElo "1891"]
[TimeControl "180+1"]
[EndTime "13:16:22 PST"]
[Termination "Bigfish1995 won by resignation"]

1. d4 d5 2. c4 e6 3. Nc3 Nf6 4. Bg5 Be7 5. e3 Nbd7 6. Qc2 O-O 7. Nf3 b6 8. cxd5 exd5 9. Bd3 Bb7 10. O-O c5 11. Bf5 g6 12. Bh3 Ne4 13. Bh6 Re8 14. dxc5 bxc5 15. Rad1 Nxc3 16. Qxc3 Nf6 17. Ng5 Bf8 18.
Bxf8 Rxf8 19. Qxc5 Qb6 20. Qxb6 axb6 21. a3 Bc8 22. Rd4 h6 23. Bxc8 Raxc8 24. Nf3 Rc2 25. Rb4 Rb8 26. Nd4 Rd2 27. Rc1 Ne4 28. f3 Nc5 29. Rxc5 bxc5 30. Rxb8+ Kg7 31. Nc6 1-0

[Event "*** Titled Tuesday Blitz"]
[Site "Chess.com"]
[Date "2020.03.03"]
[Round "2"]
[White "ckgchess"]
[Black "isla88"]
[Result "1-0"]
[WhiteElo "2700"]
[BlackElo "2324"]
[TimeControl "180+1"]
[EndTime "13:16:25 PST"]
[Termination "ckgchess won by resignation"]

1. e4 c5 2. Nf3 Nc6 3. Bb5 g6 4. O-O Bg7 5. Bxc6 dxc6 6. d3 e5 7. Nbd2 Qc7 8. a3 Nf6 9. b4 cxb4 10. axb4 O-O 11. Nc4 Re8 12. Be3 b5 13. Nb6 axb6 14. Rxa8 Rd8 15. Qa1 Ng4 16. Qa7 Qxa7 17. Rxa7 Nxe3 18.
fxe3 Bh6 19. Nxe5 Bxe3+ 20. Kh1 Be6 21. Nxc6 Rd6 22. Ne7+ Kg7 23. Nd5 Rc6 1-0

[Event "*** Titled Tuesday Blitz"]
[Site "Chess.com"]
[Date "2020.03.03"]
[Round "2"]
[White "davserr65"]
[Black "WanderingPuppet"]
[Result "1/2-1/2"]
[WhiteElo "2070"]
[BlackElo "2400"]
[TimeControl "180+1"]
[EndTime "13:16:42 PST"]
[Termination "Game drawn by agreement"]

1. Nf3 Nf6 2. c4 g6 3. b3 Bg7 4. Bb2 O-O 5. g3 d6 6. d4 c5 7.
Bg2 Nc6 8. O-O cxd4 9. Nxd4 Bd7 10. Nc3 Nxd4 11. Qxd4 Bc6 12. Nd5 Nh5 13. Qd2 e6 14. Nc3 Bxg2 15. Kxg2 Qc7 16. Rad1 Rfd8 17. e4 a6 18. f3 Rac8 19. Ne2 b5 20. Bxg7 Kxg7 21. cxb5 axb5 22. Rc1 Qb6 23. Rxc8 Rxc8 24. Rc1 Rxc1 25. Qxc1 1/2-1/2

[Event "*** Titled Tuesday Blitz"]
[Site "Chess.com"]
[Date "2020.03.03"]
[Round "2"]
[White "JulianProleiko"]
[Black "Mbneu"]
[Result "1-0"]
[WhiteElo "2484"]
[BlackElo "2221"]
[TimeControl "180+1"]
[EndTime "13:16:45 PST"]
[Termination "JulianProleiko won by resignation"]

1. d4 Nf6 2. c4 c5 3. d5 e6 4. Nc3 exd5 5. cxd5 d6 6. e4 g6 7. f4 Bg7 8. Bb5+ Nfd7 9. Nf3 a6 10. Bd3 b5 11.
O-O O-O 12. Qe1 c4 13. Bc2 Nc5 14. f5 Nbd7 15. Bg5 f6 16. Bf4 Ne5 17. Nd4 b4 18. Nd1 Re8 19. Qxb4 Ned3 20. Bxd3 Nxd3 21.
Qxc4 Nxf4 22. Rxf4 Bh6 23. Rg4 Qb6 24. Kh1 Bxf5 25.
Nxf5 Rac8 26. Ne7+ 1-0

[Event "*** Titled Tuesday Blitz"]
[Site "Chess.com"]
[Date "2020.03.03"]
[Round "2"]
[White "northridgehawk"]
[Black "Gentlejimmy7"]
[Result "0-1"]
[WhiteElo "2253"]
[BlackElo "2689"]
[TimeControl "180+1"]
[EndTime "13:16:50 PST"]
[Termination "Gentlejimmy7 won by resignation"]

1. e4 c5 2. Nf3 Nc6 3. d4 cxd4 4. Nxd4 Nf6 5. Nc3 e6 6. a3 Bc5 7. Be3 Bb6 8. Be2 d5 9. exd5 Nxd5 10. Nxd5 exd5 11. O-O O-O 12. c3 Qf6 13. Bf3 Rd8 14.
Qd2 h6 15. Rfe1 Ne5 16. Be2 Ng4 17. Bf4 Nxf2 18. Kxf2 Bc7 19. g3 g5 20. Rg1 Kh8 21.
Raf1 Bh3 22. Re1 gxf4 23. Nf3 fxg3+ 24. hxg3 Bb6+ 0-1

[Event "*** Titled Tuesday Blitz"]
[Site "Chess.com"]
[Date "2020.03.03"]
[Round "2"]
[White "Vaathi_Coming"]
[Black "LawrenceTrent"]
[Result "1-0"]
[WhiteElo "2829"]
[BlackElo "2592"]
[TimeControl "180+1"]
[EndTime "13:16:57 PST"]
[Termination "Vaathi_Coming won by resignation"]

1. d4 d5 2. Nf3 Bf5 3. e3 e6 4.
Bd3 Bxd3 5. Qxd3 c6 6. O-O Nd7 7. Nbd2 f5 8. c4 Ngf6 9. Ne5 Nxe5 10. dxe5 Ng4 11. f4 Bc5 12. Nb3 Qb6 13. cxd5 Bxe3+ 14.
Bxe3 Nxe3 15. d6 Nxf1+ 16. Kxf1 Qb5 17. Qxb5 cxb5 18. Rc1 Kf7 19. Rc7+ Kg6 20. Nd4 Rac8 21. Rxc8 Rxc8 22. d7 1-0

[Event "*** Titled Tuesday Blitz"]
[Site "Chess.com"]
[Date "2020.03.03"]
[Round "2"]
[White "Parhamov"]
[Black "ZEN-22"]
[Result "1-0"]
[WhiteElo "3044"]
[BlackElo "2371"]
[TimeControl "180+1"]
[EndTime "13:17:00 PST"]
[Termination "Parhamov won by resignation"]

1. e4 b6 2. d4 Bb7 3. Nc3 e6 4. Bd3 c5 5. d5 Nf6 6. Nge2 exd5 7. exd5 Nxd5 8. O-O Nf6 9. Ng3 Be7 10. Nf5 O-O 11. Re1 Re8 12. Bg5 Nc6 13. Qf3 d5 14. Bb5 Nd4 15. Nxd4 cxd4 16. Bxf6 dxc3 17. Bxc3 Rf8 18.
Rad1 Bf6 19. Bb4 a6 20. Bd3 Re8 21. Rxe8+ Qxe8 22. Qf5 Qe4 23. Bxe4 dxe4 24. Rd6 Bc8 25. Qxe4 Bb7 26. Qxb7 Re8 27. Rxf6 a5 28. Qxf7+ 1-0

[Event "*** Titled Tuesday Blitz"]
[Site "Chess.com"]
[Date "2020.03.03"]
[Round "2"]
[White "LarissaSteenbekkers"]
[Black "atbenina64"]
[Result "0-1"]
[WhiteElo "1857"]
[BlackElo "2380"]
[TimeControl "180+1"]
[EndTime "13:17:02 PST"]
[Termination "atbenina64 won by checkmate"]

1. e4 c6 2. d4 d5 3. Nd2 dxe4 4.
Nxe4 Nf6 5. Nxf6+ exf6 6. Bd3 Bd6 7. c3 O-O 8. Qc2 Re8+ 9. Ne2 h5 10. O-O h4 11. h3 Nd7 12. Bd2 Nf8 13. Nf4 Qc7 14. Nh5 Be6 15. Rfe1 b5 16. a3 Bd5 17. b3 Be6 18.
Re4 Ng6 19. Rae1 Bd7 20. Rxe8+ Bxe8 21. Bxg6 fxg6 22. Rxe8+ Rxe8 23. Qxg6 Re6 24. Bh6 Re1# 0-1

[Event "*** Titled Tuesday Blitz"]
[Site "Chess.com"]
[Date "2020.03.03"]
[Round "2"]
[White "kismet6"]
[Black "Hadza_3"]
[Result "0-1"]
[WhiteElo "1992"]
[BlackElo "2391"]
[TimeControl "180+1"]
[EndTime "13:17:10 PST"]
[Termination "Hadza_3 won by resignation"]

1. e4 e5 2. Nf3 Nc6 3. Bc4 Nf6 4.
Ng5 d5 5. exd5 Nd4 6. c3 b5 7. Bf1 Nxd5 8. Ne4 Qh4 9. Ng3 Bb7 10. cxd4 O-O-O 11. Nc3 Nf4 12. d3 Nxg2+ 13. Bxg2 Bxg2 14. dxe5 Bxh1 15. Nxh1 Qxh2 16. Qf3 Qxe5+ 17. Be3 b4 18. d4 Rxd4 19. Qa8+ Kd7 20. Rd1 Rxd1+ 21. Nxd1 b3 22. axb3 Bb4+ 0-1